 Dungeon Crawl Stone Soup version 0.26.0-10-g1f06aea511 (webtiles) character file.

Game seed: 11383683053483577063

65 mopl the Vexing (level 3, 1/24 HPs)
             Began as a Demonspawn Enchanter on Jan 21, 2021.
             Quit the game on level 3 of the Dungeon.
             The game lasted 00:03:37 (2808 turns).

mopl the Vexing (Demonspawn Enchanter)              Turns: 2808, Time: 00:03:38

Health: 1/24       AC:  2    Str:  5 (8)  XL:     3   Next: 94%
Magic:  1/5        EV: 12    Int: 14 (17) God:
Gold:   131        SH:  0    Dex: 11 (13) Spells: 0/6 levels left

rFire    + . .     SeeInvis .   a - +1 dagger
rCold    . . .     Faith    .   (no shield)
rNeg     . . .     Spirit   .   g - +0 robe
rPois    .         Reflect  .   (no helmet)
rElec    .         Harm     .   (no cloak)
rCorr    .         Rampage  .   (no gloves)
Will     .....                  (no boots)
Stlth    ++........             (no amulet)
HPRegen  0.08/turn              (no ring)
MPRegen  0.09/turn              (no ring)

@: lethally poisoned (1 -> -4), attractive, hasted, very quick
A: hooves 1, fire resistance 1, low mp 1
a: no special abilities


You were on level 3 of the Dungeon.
You visited 1 branch of the dungeon, and saw 3 of its levels.

You collected 131 gold pieces.

Inventory:

Hand Weapons
 a - a +1 dagger (weapon)
 b - a +0 hunting sling
Missiles
 h - 37 stones
 i - 19 sling bullets
Armour
 g - a +0 robe (worn)
Scrolls
 d - 2 scrolls of enchant weapon {unknown}
 o - a scroll of teleportation {unknown}
 p - a scroll of fear {unknown}
Potions
 c - a potion of invisibility
 e - a potion of resistance
 f - a potion of magic
 k - a potion of might


   Skills:
 + Level 1.4 Short Blades
 - Level 1.7 Dodging
 * Level 3.4 Stealth
 + Level 2.3 Spellcasting
 * Level 3.6 Hexes
 + Level 0.7 Ice Magic


You couldn't memorise any spells.
You knew the following spells:

 Your Spells              Type           Power        Failure   Level
a - Corona                Hex            12%          5%          1
b - Ensorcelled Hibernat  Hex/Ice        14%          14%         2
d - Tukima's Dance        Hex            11%          16%         3

Your spell library contained the following spells:

 Spells                   Type           Power        Failure   Level
 Confusing Touch          Hex            11%          16%         3
 Dazzling Flash           Conj/Hex       12%          32%         3


Dungeon Overview and Level Annotations

Branches:
Dungeon (3/15)

Altars:


Innate Abilities, Weirdness & Mutations

You have large cloven feet.
Your flesh is heat resistant. (rF+)
Your magical capacity is low. (-10% MP)


Message History

Aiming: Ensorcelled Hibernation (safe; 16% risk of failure)
Press: ? - help, Shift-Dir - straight line, f/p - adder
Aim: an adder (heavily wounded, chance to affect: 48%)
The adder looks drowsy...
The helpless adder fails to defend itself.
You puncture the adder!
You kill the adder!
* * * LOW HITPOINT WARNING * * *
You feel sick.
Really quaff
j - a potion of mutation {!q}?
Really quaff the potion of mutation?
You feel extremely strange.
You feel less energetic.
You feel resistant to heat.
* * * LOW HITPOINT WARNING * * *
You feel sick.
* * * LOW HITPOINT WARNING * * *
You feel sick.
* * * LOW HITPOINT WARNING * * *
You feel sick.
Are you sure you want to abandon this character and quit the game? (Confirm with "yes".)

........#
........#
........#
........#
........#######.
................
#######.#######.
#.# #@# #รท# #.#
#.# #.# #.# .#
#.# #.#
#.#####.#
#.....#.#


There were no monsters in sight!

Vanquished Creatures
  4 adders
  A worm (D:2)
  A dart slug (D:2)
  A leopard gecko (D:1)
  A goblin (D:1)
  5 hobgoblins
  6 bats
  4 frilled lizards
  2 kobolds (D:1)
  2 rats
27 creatures vanquished.

Notes
Turn   | Place    | Note
-------+----------+-------------------------------------------
     0 | D:1      | mopl the Demonspawn Enchanter began the quest for the Orb.
     0 | D:1      | Reached XP level 1. HP: 13/13 MP: 3/3
   614 | D:1      | Reached skill level 1 in Short Blades
   726 | D:1      | Gained mutation: You have large cloven feet. [demonic
                  | ancestry]
   726 | D:1      | Reached XP level 2. HP: 7/19 MP: 1/5
   925 | D:1      | Learned a level 2 spell: Ensorcelled Hibernation
   979 | D:2      | Reached skill level 3 in Stealth
  1306 | D:1      | You fall into a shaft and drop 1 floor!
  1813 | D:2      | Reached XP level 3. HP: 24/24 MP: 3/6
  1817 | D:2      | Learned a level 3 spell: Tukima's Dance
  2785 | D:3      | HP: 1/24 [poisoned by an adder]
  2800 | D:3      | Gained mutation: Your magical capacity is low. (-10% MP)
                  | [potion of mutation]
  2800 | D:3      | Gained mutation: Your flesh is heat resistant. (rF+)
                  | [potion of mutation]
  2806 | D:3      | HP: 1/24 [poisoned by an adder]
  2808 | D:3      | Quit the game

Illustrated notes

Levels and vault maps discovered:
D:1:      dpeg_arrival_oval, layout_basic, minivault_14
D:2:      layout_loops_corners
D:3:      layout_basic, minmay_three_crescents

Skill      XL: |  1  2 |
---------------+-------+-----
Short Blades   | 1 |  1.4
Stealth        | 3 |  3.4
Dodging        | |  1.7
Spellcasting   | |  2.3
Hexes          | |  3.6
Ice Magic      | |  0.7

Action                   || total
-------------------------++-------
Melee: Dagger            ||   106
       Kick              ||    10
 Fire: Hunting sling     ||    19
 Cast: Corona            ||     8
       Ensorcelled Hiber ||    13
  Use: Scroll            ||     5
       Potion            ||     5
 Stab: Sleeping          ||    13
Armor: Robe              ||    40
Dodge: Dodged            ||    85
